 Dungeon Crawl Stone Soup version 0.25-a0-589-g1e14c549ee (webtiles) character file.

Game seed: 13842269653966951982, levelgen mode: deterministic

18131 HailSeitan the Carver (level 12, 0/100 HPs)
             Began as a Barachi Fighter on Mar 9, 2020.
             Was a High Priest of Okawaru.
             Killed from afar by Azrael (18 damage)
             ... with damnation
             ... on level 12 of the Dungeon.
             The game lasted 00:46:43 (17049 turns).

HailSeitan the Carver (Barachi Fighter)            Turns: 17049, Time: 00:46:44

Health: 0/100      AC: 15    Str: 20    XL:     12   Next: 55%
Magic:  0/17       EV: 11    Int: 10    God:    Okawaru [*****.]
Gold:   640        SH: 14    Dex: 17    Spells: 11/11 levels left

rFire    . . .     SeeInvis .   U - +2 double sword (holy)
rCold    . . .     Gourm    .   c - +0 kite shield
rNeg     . . .     Faith    +   t - +0 chain mail {MR+}
rPois    .         Spirit   +   (no helmet)
rElec    .         Reflect  .   S - scarf {Spirit}
rCorr    +         Harm     .   C - +0 pair of gloves
MR       +....                  (no boots)
Stlth    +.........             h - amulet of faith
HPRegen  0.26/turn              e - +4 ring of dexterity
MPRegen  0.15/turn              L - ring of Mistrust {*Contam +Blink rCorr Stlth+}

@: heroism, finesse, very slightly contaminated, studying Long Blades,
invisible, slow
A: +LOS, swims, slowness 1, strong legs 1
a: Hop, Heroism, Finesse, Renounce Religion, Evoke Blink


You were on level 12 of the Dungeon.
You worshipped Okawaru.
Okawaru was extremely pleased with you.
You were not hungry.

You visited 2 branches of the dungeon, and saw 13 of its levels.
You also visited: Bailey.

You collected 640 gold pieces.

Inventory:

Hand Weapons
 g - a +1 short sword of venom
 o - a +3 halberd of electrocution
 U - a +2 double sword of holy wrath (weapon)
Missiles
 n - 10 atropa-tipped darts
 s - 29 poisoned darts (quivered)
 T - 5 boomerangs of dispersal
Armour
 b - a +0 cloak
 c - a +0 kite shield (worn)
 t - a +0 chain mail of magic resistance (worn)
 C - a +0 pair of gloves (worn)
 Q - a scarf of cloud immunity
 S - a scarf of spirit shield (worn)
Jewellery
 e - a +4 ring of dexterity (left hand)
 h - an amulet of faith (around neck)
 i - an uncursed ring of flight
 z - an uncursed ring of resist corrosion
 L - the ring of Mistrust (right hand) {*Contam +Blink rCorr Stlth+}
   (You found it on level 10 of the Dungeon)

   [ring of resist corrosion]

   It lets you blink.
   It causes magical contamination when unequipped.
   It provides partial protection from all sources of acid and corrosion.
   It makes you more stealthy.
Wands
 l - a wand of acid (3)
 q - a wand of flame (41)
 K - a wand of paralysis (8)
 M - a wand of polymorph (13)
Scrolls
 j - 2 scrolls of blinking
 p - 3 scrolls of magic mapping
 v - a scroll of enchant armour
 y - 5 scrolls of teleportation
 B - a scroll of immolation
 D - 2 scrolls of vulnerability
 E - 2 scrolls of fog
 H - 4 scrolls of remove curse
 N - 3 scrolls of enchant weapon
 O - 2 scrolls of summoning
Potions
 a - a potion of flight {unknown}
 d - 2 potions of might
 k - 4 potions of brilliance
 r - 2 potions of cancellation
 u - a potion of ambrosia
 w - 6 potions of curing
 x - 5 potions of stabbing
 F - 7 potions of magic
 G - 2 potions of resistance
Books
 J - a manual of Long Blades
Comestibles
 f - 20 rations


   Skills:
 - Level 11.1(16.1) Fighting
 - Level 12.2(17.2) Long Blades
 - Level 10.3(15.3) Armour
 - Level 9.4(14.4) Shields
 - Level 7.0 Invocations
 + Level 7.2 Evocations


You had 11 spell levels left.
You didn't know any spells.
Your spell library contained the following spells:

 Spells                   Type           Power        Failure   Level  Hunger
 Magic Dart               Conj           #...         91%         1    ##.....
 Blink                    Tloc           N/A          97%         2    ###....
 Call Imp                 Summ           #.......     97%         2    ###....
 Slow                     Hex            #.......     97%         2    ###....
 Conjure Flame            Conj/Fire      #.......     100%        3    ####...
 Mephitic Cloud           Conj/Pois/Air  #.......     100%        3    ####...


Dungeon Overview and Level Annotations

Branches:
Dungeon (12/15)            Temple (1/1) D:7            Lair (0/6) D:8
 Bailey (visited)
    Orc: D:9-12

Altars:
Ashenzari
Cheibriados
Dithmenos
Elyvilon
Fedhas
Gozag
Hepliaklqana
Kikubaaqudgha
Makhleb
Nemelex Xobeh
Okawaru
Qazlal
Ru
Sif Muna
Trog
Uskayaw
Vehumet
Wu Jian
Xom
Yredelemnul
Zin
The Shining One

Annotations:
D:4 3 runed translucent doors, karf's ghost, weakling HuMo
D:12 Azrael


Innate Abilities, Weirdness & Mutations

You can be seen from farther away. (+LOS)
You can swim through water.
You cover ground slowly.
You can hop short distances.


Message History

The hell hound dies!
You catch the helpless Azrael completely off-guard!
You slice Azrael!!
Azrael convulses.
Azrael is severely wounded.
You slash Azrael!
Azrael convulses!
Azrael is almost dead.
You hit Azrael but do no damage.
Azrael is almost dead.
A fire elemental comes into view.
Azrael gestures at you.
The fireball explodes!
The fireball engulfs you!!
* * * LOW HITPOINT WARNING * * *
The fireball engulfs Azrael.
Azrael completely resists.
You hear an angry hiss.
You hear a chilling moan.
You hit Azrael.
Azrael convulses.
Azrael is almost dead.
You feel much better. Azrael gestures at you.
The sphere of damnation explodes!
The damnation engulfs you!!
You die...

##..#?..............
#...#..... #.......
##........####.......
#.$.......#..........
##...................#
##....................#
##.....!........#).....#
#........#......###....#
#..##..@###....## #....#
#...R.......# #..#...
#.....†.......#..##..
.............#....####
....#....>.○○.##....#
###.##....##E.○.......
#. #.○######.°...... #
#.. #..#####. .## ...


You could see Azrael and a fire elemental (wandering).

Vanquished Creatures
  Nessos (D:12)
  A centaur warrior (D:10)
  2 two-headed ogres
  Nergalle (D:12)
  An unseen horror (D:12)
  An orc knight (Bailey)
  A deep elf mage (D:10)
  An ugly thing (D:11)
  A manticore (D:11)
  An orc sorcerer (D:10)
  A rime drake (shapeshifter) (D:10)
  2 kobold demonologists (D:10)
  A komodo dragon (D:10)
  6 trolls
  5 hippogriffs
  10 yaks
  A wyvern (D:10)
  A wraith (D:11)
  Grum (D:11)
  3 hungry ghosts
  A porcupine (D:10)
  Duvessa (D:5)
  2 orc warriors (D:10)
  2 ice beasts
  A hornet zombie (D:9)
  2 sky beasts
  2 black bears (D:10)
  5 ogres
  6 centaurs
  4 wolves
  3 big kobolds
  9 bullfrogs
  Dowan (D:5)
  A wyvern skeleton (D:6)
  8 scorpions
  13 killer bees
  3 wights (D:9)
  5 howler monkeys
  2 electric eels (D:8)
  5 crimson imps
  2 bullfrog zombies
  10 hounds
  A quasit (D:10)
  3 bullfrog skeletons
  2 centaur zombies
  2 centaur skeletons
  5 orc priests
  3 jellies
  4 orc wizards
  Jessica (D:3)
  4 iguanas
  7 worker ants
  A killer bee zombie (D:10)
  A hound skeleton (D:11)
  A hound zombie (D:7)
  2 worker ant zombies
  13 gnolls (Bailey)
  A howler monkey skeleton (D:7)
  9 adders
  3 shadow imps
  2 oozes
  2 adder skeletons
  4 worms
  4 dart slugs (D:1)
  6 leopard geckos
  15 orcs
  7 bats
  10 giant cockroaches
  11 goblins
  15 hobgoblins
  11 jackals
  23 kobolds
  6 quokkas
  A ball python (D:2)
  8 frilled lizards
  A jackal skeleton (D:6)
  A leopard gecko skeleton (D:4)
  A leopard gecko zombie (D:6)
  A quokka skeleton (D:5)
  8 rats
330 creatures vanquished.

Vanquished Creatures (others)
  2 hell hounds (D:12)
2 creatures vanquished.

Grand Total: 332 creatures vanquished

Notes
Turn   | Place    | Note
-------+----------+-------------------------------------------
     0 | D:1      | HailSeitan the Barachi Fighter began the quest for the Orb.
     0 | D:1      | Reached XP level 1. HP: 18/18 MP: 1/1
    66 | D:1      | Reached skill level 3 in Long Blades
    66 | D:1      | Reached XP level 2. HP: 4/24 MP: 2/2
   523 | D:1      | Reached skill level 4 in Long Blades
   711 | D:1      | Reached XP level 3. HP: 29/29 MP: 3/3
  1587 | D:2      | Reached skill level 5 in Long Blades
  1592 | D:2      | Reached XP level 4. HP: 31/36 MP: 4/4
  1667 | D:2      | You fall into a shaft and drop 2 floors!
  2034 | D:3      | Noticed Jessica
  2040 | D:3      | Killed Jessica
  2040 | D:3      | Reached skill level 6 in Long Blades
  2043 | D:3      | Reached XP level 5. HP: 39/41 MP: 5/5
  2917 | D:3      | Reached skill level 7 in Long Blades
  2917 | D:3      | Reached XP level 6. HP: 46/47 MP: 6/6
  3088 | D:4      | Found a runed translucent gate.
  3088 | D:4      | Found a runed translucent gate.
  3088 | D:4      | Found a runed translucent gate.
  3131 | D:4      | Noticed karf's ghost (weakling HuMo)
  3431 | D:4      | Found a stormy altar of Qazlal.
  3758 | D:5      | Entered Level 5 of the Dungeon
  3852 | D:5      | Reached skill level 5 in Shields
  3947 | D:5      | Found a basalt altar of Yredelemnul.
  4030 | D:5      | Noticed Duvessa
  4030 | D:5      | Noticed Dowan
  4049 | D:5      | Killed Duvessa
  4049 | D:5      | Reached XP level 7. HP: 40/52 MP: 7/7
  4059 | D:5      | Killed Dowan
  5045 | D:6      | Reached XP level 8. HP: 44/59 MP: 8/8
  5155 | D:6      | Found a glowing golden altar of the Shining One.
  5155 | D:6      | Found a shimmering blue altar of Sif Muna.
  5471 | D:7      | Found a staircase to the Ecumenical Temple.
  5476 | Temple   | Entered the Ecumenical Temple
  5569 | Temple   | Became a worshipper of Warmaster Okawaru
  5646 | D:7      | Reached skill level 5 in Fighting
  5911 | D:7      | Reached * piety under Okawaru
  5914 | D:7      | Noticed a hippogriff
  5924 | D:7      | Reached skill level 8 in Long Blades
  5940 | D:7      | Killed a hippogriff
  6233 | D:7      | Reached skill level 9 in Long Blades
  6447 | D:7      | Reached XP level 9. HP: 65/71 MP: 9/9
  6533 | D:7      | Reached ** piety under Okawaru
  6533 | D:7      | Reached skill level 10 in Long Blades
  7101 | D:8      | Noticed a troll
  7108 | D:8      | Reached skill level 11 in Long Blades
  7167 | D:8      | Reached skill level 5 in Armour
  7180 | D:8      | Killed a troll
  7180 | D:8      | Reached *** piety under Okawaru
  7720 | D:8      | Found an opulent altar of Gozag.
  7971 | D:9      | Reached XP level 10. HP: 77/77 MP: 10/10
  8056 | D:9      | Reached **** piety under Okawaru
  8125 | D:9      | Found a flagged portal.
  8225 | Bailey   | Entered a bailey
  8392 | Bailey   | Noticed an orc knight
  9070 | Bailey   | Killed an orc knight
  9369 | D:9      | Found a glowing silver altar of Zin.
  9550 | D:8      | Found a staircase to the Lair.
 10353 | D:10     | Entered Level 10 of the Dungeon
 10372 | D:10     | Noticed a two-headed ogre
 10388 | D:10     | Killed a two-headed ogre
 10656 | D:10     | Noticed a kobold demonologist
 10663 | D:10     | Noticed an orc sorcerer
 10667 | D:10     | Noticed a deep elf mage
 10675 | D:10     | Killed a kobold demonologist
 10675 | D:10     | Reached ***** piety under Okawaru
 10687 | D:10     | Killed an orc sorcerer
 10687 | D:10     | Reached skill level 10 in Fighting
 10687 | D:10     | HP: 1/86 [ice beast[a deep elf mage] (8)]
 10708 | D:11     | Reached XP level 11. HP: 20/92 MP: 11/11
 11031 | D:11     | Reached skill level 1 in Invocations
 11070 | D:10     | Killed a deep elf mage
 11266 | D:10     | Got a shimmering silver ring
 11268 | D:10     | Identified the ring of Mistrust {*Contam +Blink rCorr
                  | Stlth+} (You found it on level 10 of the Dungeon)
 11316 | D:10     | Noticed a centaur warrior
 11330 | D:10     | Killed a centaur warrior
 11339 | D:10     | Received a gift from Okawaru
 11771 | D:10     | Reached skill level 5 in Invocations
 12385 | D:10     | Noticed Psyche
 12386 | D:10     | Noticed Psyche
 12386 | D:10     | Psyche changed into Psyche the porcupine
 12409 | D:10     | Killed Psyche the porcupine
 12682 | D:10     | Got a pitted glass ring
 12690 | D:10     | Noticed Sonja
 12691 | D:10     | Noticed Sonja
 12691 | D:10     | Sonja changed into Sonja the sky beast
 12699 | D:10     | Killed Sonja the sky beast
 13094 | D:10     | Paralysed by a hornet for 1 turns
 13096 | D:10     | Paralysed by a hornet for 2 turns
 14057 | D:10     | Reached ****** piety under Okawaru
 14268 | D:11     | Reached skill level 12 in Long Blades
 14293 | D:11     | Noticed Grum
 14322 | D:11     | Killed Grum
 14648 | D:11     | Reached XP level 12. HP: 76/100 MP: 17/17
 14864 | D:11     | Noticed a seven-headed hydra
 15613 | D:11     | Received a gift from Okawaru
 15613 | D:11     | Reached skill level 10 in Armour
 15821 | D:11     | Reached skill level 1 in Evocations
 16030 | D:12     | Noticed Nergalle
 16030 | D:12     | Noticed Nessos
 16030 | D:12     | Noticed a two-headed ogre
 16084 | D:11     | Identified 2 scrolls of acquirement
 16098 | D:12     | Identified the cursed ring of the Real Monster {rC+ AC-5}
                  | (You found it on level 10 of the Dungeon)
 16225 | D:12     | Killed a two-headed ogre
 16268 | D:12     | Killed Nergalle
 16268 | D:12     | HP: 4/100 [Nessos/arrow (8)]
 16269 | D:12     | HP: 1/100 [poisoned by Nessos]
 16291 | D:12     | Killed Nessos
 16291 | D:12     | Reached skill level 5 in Evocations
 17028 | D:12     | Noticed Azrael
 17047 | D:12     | HP: 3/100 [Azrael/fireball (29)]
 17049 | D:12     | Killed from afar by Azrael

Levels and vault maps discovered:
D:1:      sevenhm_arrival_forest_fort_large_2, layout_loops_ring
D:2:      layout_basic, minmay_tromino_v4_b
D:3:      layout_loops_cross, hex_large, uniq_jessica
D:4:      layout_basic, marbit_many_paths, first_ration,
          gammafunk_ghost_necromancy
D:5:      layout_loops_ring, overflow_temple_1_default, uniq_duvessa
D:6:      layout_rooms, grunt_temple_overflow_open
D:7:      layout_loops_ring, temple_doors_e
D:8:      layout_rooms, grunt_gozag_statues, erik_lair_island,
          chequers_serial_rivers_room_b, blue_anna_alchemist
          [blue_anna_fruit_fields, blue_anna_fruit_fields]
D:9:      layout_loops_ring, lemuel_crystal_altar, enter_bailey_3
D:10:     minmay_the_grid_3x3 [minmay_the_grid_aliased_spiral,
          minmay_the_grid_tri_star, minmay_the_grid_embedded,
          minmay_the_grid_paths, minmay_the_grid_outer_diamond,
          minmay_the_grid_large_cup, minmay_the_grid_odd_star,
          minmay_the_grid_gridbox, minmay_the_grid_prize_four_corners],
          layout_rooms, uniq_sonja, uniq_psyche
D:11:     layout_irregular_city, st_stairs_14, uniq_grum
D:12:     layout_cave_pools, orc_0_dummy, uniq_nergalle, uniq_nessos,
          uniq_azrael, uniq_snorg
Temple:   eino_temple_rhombus

Skill      XL: |  1  2  3  4  5  6  7  8  9 10 11 12 |
---------------+-------------------------------------+-----
Long Blades    | 3 4 5 6 7 9 11 12 | 12.2
Shields        | 5 7 8 9 |  9.4
Fighting       | 6 10 11 | 11.1
Armour         | 8 9 10 | 10.3
Invocations    | 7 |  7.0
Evocations     | 7 |  7.2

Action                   |  1- 3 |  4- 6 |  7- 9 | 10-12 || total
-------------------------+-------+-------+-------+-------++-------
Melee: Short sword       |   102 |   205 |   319 |   439 ||  1065
       Long sword        |       |    13 |    89 |   571 ||   673
       Double sword      |       |       |       |    98 ||    98
Throw: Dart              |       |     5 |       |    12 ||    17
Invok: Heroism           |       |       |     1 |     8 ||     9
       Finesse           |       |       |       |     1 ||     1
 Abil: Hop               |     1 |       |     1 |    10 ||    12
Evoke: Wand              |       |       |     9 |     3 ||    12
  Use: Potion            |       |       |    10 |     9 ||    19
       Scroll            |       |       |    10 |    12 ||    22
 Stab: Paralysed         |       |       |       |     5 ||     5
       Invisible         |       |       |       |     2 ||     2
  Eat: Chunk             |     3 |     7 |    13 |    23 ||    46
       Ration            |       |       |     2 |     4 ||     6
Armor: Scale mail        |    30 |    16 |       |       ||    46
       Chain mail        |       |    79 |   182 |   438 ||   699
       Skin              |       |       |    25 |       ||    25
Dodge: Dodged            |    17 |    50 |    70 |   254 ||   391
Block: Kite shield       |    47 |    99 |   229 |   637 ||  1012
       Rpst.: Long sword |       |     1 |     3 |    22 ||    26
       Double sword      |       |       |       |    13 ||    13

Table legend:
 A = Non-vault XP
 B = Vault XP
 C = Vault XP percentage of total XP
 D = Non-vault monster count
 E = Vault monster count
 F = Vault count percentage of total count
                 A         B        C        D         E       F
            +---------+---------+-------+---------+---------+-------
      Total |   15249 |   10653 |  41.1 |     233 |      97 |  29.4
            +---------+---------+-------+---------+---------+-------
        D:1 |      45 |       0 |   0.0 |      20 |       0 |   0.0
        D:2 |      64 |       3 |   4.5 |      28 |       2 |   6.7
        D:3 |     186 |      37 |  16.6 |      27 |       1 |   3.6
        D:4 |     150 |      45 |  23.1 |       8 |       1 |  11.1
        D:5 |     270 |     223 |  45.2 |      12 |       2 |  14.3
        D:6 |     456 |       0 |   0.0 |      14 |       0 |   0.0
        D:7 |    1463 |       0 |   0.0 |      25 |       0 |   0.0
        D:8 |    1084 |     824 |  43.2 |      19 |      10 |  34.5
        D:9 |     951 |       8 |   0.8 |      15 |       4 |  21.1
       D:10 |    4154 |    5774 |  58.2 |      30 |      35 |  53.8
       D:11 |    4067 |     846 |  17.2 |      29 |       6 |  17.1
       D:12 |    2359 |    2028 |  46.2 |       6 |       2 |  25.0
     Bailey |       0 |     865 | 100.0 |       0 |      34 | 100.0
            +---------+---------+-------+---------+---------+-------
